 Dungeon Crawl Stone Soup version 0.28-a0-1622-gc30f734a66 (webtiles) character file.

Game seed: 1315902124359157019

9440 Ordine the Thaumaturge (level 11, -1/57 HPs)
             Began as a Deep Elf Hedge Wizard on Jan 23, 2022.
             Was an Elder of Sif Muna.
             Killed by the air
             ... invoked by Gastronok
              (24 damage)
             ... on level 9 of the Dungeon.
             The game lasted 01:00:15 (14295 turns).

Ordine the Thaumaturge (Deep Elf Hedge Wizard)     Turns: 14295, Time: 01:00:16

Health: -1/57      AC: 14    Str:  7    XL:     11   Next: 23%
Magic:  18/26      EV: 16    Int: 30    God:    Sif Muna [****..]
Gold:   478        SH:  0    Dex: 20    Spells: 20/29 levels left

rFire   . . .      SeeInvis +   A - +1 dagger (venom)
rCold   . . .      Faith    .   (no shield)
rNeg    . . .      Spirit   .   N - +0 steam dragon scales
rPois   +          Reflect  .   c - +0 hat
rElec   .          Harm     .   y - +0 cloak "Lemaumoh" {rPois Int+2}
rCorr   .          Rampage  .   E - +0 pair of gloves
Will    +....                   v - +2 pair of boots "Yneqemep" {Int+4 SInv}
Stlth   ++++......              f - amulet of regeneration
HPRegen 0.99/turn               q - +6 ring of dexterity
MPRegen 0.20/turn               C - +4 ring of protection

@: no status effects
A: no striking features
a: Renounce Religion, Channel Magic, Forget Spell, Divine Exegesis


You were on level 9 of the Dungeon.
You worshipped Sif Muna.
Sif Muna was greatly pleased with you.
You visited 2 branches of the dungeon, and saw 10 of its levels.
You also visited: Bailey.

You collected 640 gold pieces.
You spent 162 gold pieces at shops.

Inventory:

Hand Weapons
 A - a +1 dagger of venom (weapon)
Armour
 c - a +0 hat (worn)
 v - the +2 pair of boots "Yneqemep" (worn) {Int+4 SInv}
   (You found it on level 4 of the Dungeon)

   Int:       It affects your intelligence (+4).
   SInv:      It lets you see invisible.
 w - a +2 buckler
 y - the +0 cloak "Lemaumoh" (worn) {rPois Int+2}
   (You found it on level 5 of the Dungeon)

   Int:       It affects your intelligence (+2).
   rPois:     It protects you from poison.
 B - a +0 robe of willpower
 E - a +0 pair of gloves (worn)
 M - +0 acid dragon scales
 N - +0 steam dragon scales (worn)
Magical Staves
 j - a staff of death
 m - a staff of fire
Jewellery
 f - an amulet of regeneration (around neck)
 n - a +4 ring of slaying
 q - a +6 ring of dexterity (left hand)
 C - a +4 ring of protection (right hand)
Wands
 p - a wand of mindburst (15)
 z - a wand of polymorph (2)
 O - a wand of iceblast (4)
 Q - a wand of paralysis (4)
 R - a wand of flame (15)
Scrolls
 g - 2 scrolls of immolation
 h - 5 scrolls of teleportation
 i - 10 scrolls of enchant weapon
 k - 3 scrolls of fog
 l - 6 scrolls of enchant armour
 r - 2 scrolls of amnesia
 t - a scroll of acquirement
 u - 2 scrolls of magic mapping
 D - a scroll of silence
 F - a scroll of holy word {unknown}
 J - 3 scrolls of summoning
 K - 3 scrolls of noise {unknown}
 P - 2 scrolls of fear {unknown}
 S - a scroll of blinking {unknown}
Potions
 a - a potion of lignification {unknown}
 b - a potion of attraction {unknown}
 d - 2 potions of curing
 e - 5 potions of invisibility {unknown}
 o - 2 potions of mutation {unknown}
 s - a potion of flight {unknown}
 x - 3 potions of might
 G - 2 potions of magic {unknown}
 H - 2 potions of haste {unknown}
 I - a potion of brilliance {unknown}
 L - 2 potions of heal wounds {unknown}


   Skills:
 + Level 1.7 Fighting
 * Level 7.8 Short Blades
 - Level 0.2 Staves
 + Level 6.3 Dodging
 + Level 6.7 Stealth
 + Level 9.6 Spellcasting
 + Level 8.3 Conjurations
 - Level 2.0 Summonings
 - Level 2.0 Translocations
 - Level 5.0 Fire Magic
 - Level 3.0 Air Magic
 + Level 6.5 Invocations
 + Level 4.8 Evocations


You had 20 spell levels left.
You knew the following spells:

 Your Spells              Type           Power      Damage    Failure   Level
a - Magic Dart            Conj           100%       1d8       1%          1
b - Blink                 Tloc           52%        N/A       2%          2
c - Conjure Flame         Conj/Fire      53%        6-21      1%          3
d - Mephitic Cloud        Conj/Pois/Air  37%        N/A       2%          3

Your spell library contained the following spells:

 Spells                   Type           Power      Damage    Failure   Level
 Summon Small Mammal      Summ           100%       N/A       1%          1
 Call Imp                 Summ           26%        N/A       2%          2
 Slow                     Hex            56%        N/A       3%          1
 Swiftness                Air            32%        N/A       3%          3
 Call Canine Familiar     Summ           26%        N/A       4%          3
 Ensorcelled Hibernation  Hex/Ice        28%        N/A       5%          2
 Passwall                 Tmut/Erth      11%        N/A       5%          2
 Summon Guardian Golem    Hex/Summ       20%        N/A       7%          3
 Tukima's Dance           Hex            14%        N/A       11%         3
 Passage of Golubria      Tloc           26%        N/A       16%         4
 Yara's Violent Unravell  Hex/Tmut       7%         3d5       69%         5


Dungeon Overview and Level Annotations

Branches:
Dungeon (9/15)             Temple (1/1) D:7            Lair (0/6) D:8
    Orc (0/2) D:9          Bailey (visited)

Altars:
Ashenzari
Cheibriados
Dithmenos
Elyvilon
Fedhas
Gozag
Hepliaklqana
Kikubaaqudgha
Makhleb
Nemelex Xobeh
Okawaru
Qazlal
Ru
Sif Muna
Trog
Uskayaw
Vehumet
Wu Jian
Xom
Yredelemnul
Zin
The Shining One

Shops:
D:1 **?

Annotations:
D:9 Gastronok


Message History

Gastronok is lightly wounded.
You hit Gastronok but do no damage.
Gastronok is lightly wounded.
You hit Gastronok but do no damage.
Gastronok looks as sick as possible!
Gastronok is lightly wounded.
There is an open door here.
Press: ? - help, v - describe, . - travel
Here: Gastronok, wearing a +2 hat of stealth (lightly wounded, extremely poisoned)
The floor.
Casting: Magic Dart (safe; 1% risk of failure)
Confirm with . or Enter, or press ? or * to list all spells.
Aiming: Magic Dart (safe; 1% risk of failure)
Press: ? - help, Shift-Dir - straight line, f/p - Gastronok
Aim: Gastronok, wearing a +2 hat of stealth (lightly wounded, extremely poisoned, 100% to hit)
The magic dart hits Gastronok but does no damage.
Gastronok is lightly wounded.
Gastronok waves his eye-stalks in wide circles.
The air twists around and strikes you!
Unknown command.
Casting: Magic Dart (safe; 1% risk of failure)
Confirm with . or Enter, or press ? or * to list all spells.
Aiming: Magic Dart (safe; 1% risk of failure)
Press: ? - help, Shift-Dir - straight line, f/p - Gastronok
Aim: Gastronok, wearing a +2 hat of stealth (lightly wounded, extremely poisoned, 100% to hit)
The magic dart hits Gastronok.
Gastronok is lightly wounded.
Casting: Magic Dart (safe; 1% risk of failure)
Confirm with . or Enter, or press ? or * to list all spells.
Aiming: Magic Dart (safe; 1% risk of failure)
Press: ? - help, Shift-Dir - straight line, f/p - Gastronok
Aim: Gastronok, wearing a +2 hat of stealth (moderately wounded, extremely poisoned, 100% to hit)
The magic dart hits Gastronok but does no damage.
Gastronok is moderately wounded.
You are too injured to fight recklessly!
You are too injured to fight recklessly!
You hit Gastronok.
Gastronok is moderately wounded.
Gastronok waves his eye-stalks in wide circles.
The air twists around and strikes you!!
You die...

..#..............
<...8....>....8..
.................
#...........#
###+###.....8.....# #
#>....####.....####..
#.......'....).......
#.......#####........
#......@#...).......#
#######'#..)#####...#...
#...#.w.#...#...# ..#...
#...'...##'##...#####...
#.?.#...#...#...#...#...
###########...#...'...#...
#≈≈ ≈≈≈≈≈....##'##...#...
#≈#######≈..).'...##'##...
#≈#.....#≈##'##...#...##'#


You could see Gastronok (very poisoned).

Vanquished Creatures
  Pikel (D:5)
  4 orc knights (Bailey)
  A manticore (D:7)
  Joseph (D:8)
  Psyche (D:9)
  3 yaks (D:9)
  Sigmund (D:2)
  A wraith (D:7)
  2 shadows
  A wyvern (D:8)
  A steam dragon (D:9)
  Menkaure (D:5)
  An acid dragon (D:8)
  3 water moccasins
  An ice beast (D:7)
  14 orc warriors
  A black bear (D:8)
  2 necrophages
  4 lemures (D:5)
  2 kobold brigands (D:8)
  6 bullfrogs
  2 water moccasin zombies
  6 scorpions
  3 jellies (D:6)
  9 killer bees
  4 wights (D:6)
  4 howler monkeys
  10 orc priests
  A gnoll shaman (D:4)
  A hound (D:7)
  A bullfrog skeleton (D:7)
  3 iguanas
  Ijyb (D:5)
  9 orc wizards
  A killer bee zombie (D:8)
  8 gnolls
  5 adders
  A white imp (D:8)
  2 worms
  2 dart slugs
  49 orcs
  6 ball pythons
  6 bats
  5 endoplasms
  A giant cockroach (D:4)
  13 goblins
  8 hobgoblins
  9 jackals
  11 kobolds
  5 quokkas
  4 frilled lizards
  6 rats
248 creatures vanquished.

Vanquished Creatures (others)
  15 fungi (D:8)
  15 plants (D:8)
30 creatures vanquished.

Grand Total: 278 creatures vanquished

Notes
Turn   | Place    | Note
-------+----------+-------------------------------------------
     0 | D:1      | Ordine the Deep Elf Hedge Wizard began the quest for the
                  | Orb.
     0 | D:1      | Reached XP level 1. HP: 10/10 MP: 7/7
   258 | D:1      | Found Luzet's General Store.
   330 | D:1      | Found Pimoim's Magic Scroll Shoppe.
   348 | D:1      | Reached XP level 2. HP: 15/15 MP: 2/9
   445 | D:1      | Learned a level 2 spell: Blink
   797 | D:1      | Found Toolilau's Assorted Antiques.
  1495 | D:2      | Reached XP level 3. HP: 19/19 MP: 7/11
  1537 | D:2      | Learned a level 3 spell: Conjure Flame
  1541 | D:2      | Learned a level 3 spell: Mephitic Cloud
  1810 | D:2      | Noticed Sigmund
  1949 | D:2      | Found a faded altar of an unknown god.
  2557 | D:3      | Reached XP level 4. HP: 24/24 MP: 2/12
  3360 | D:3      | Reached skill level 5 in Spellcasting
  3367 | D:3      | Found a shimmering altar of Xom.
  3733 | D:4      | Reached XP level 5. HP: 28/28 MP: 8/14
  3898 | D:4      | Reached skill level 1 in Air Magic
  3957 | D:4      | Reached skill level 1 in Fire Magic
  4087 | D:4      | Found a shimmering blue altar of Sif Muna.
  4173 | D:4      | Became a worshipper of Sif Muna the Loreminder
  4500 | D:4      | Identified the +2 pair of boots "Yneqemep" {Int+4 SInv}
  5450 | D:1      | Bought a scroll of identify for 20 gold pieces
  5450 | D:1      | Bought a scroll of identify for 20 gold pieces
  5450 | D:1      | Bought a scroll of magic mapping for 35 gold pieces
  5450 | D:1      | Bought a scroll of amnesia for 35 gold pieces
  5450 | D:1      | Bought a scroll of teleportation for 30 gold pieces
  5496 | D:1      | Bought a green potion for 22 gold pieces
  5555 | D:5      | Entered Level 5 of the Dungeon
  5671 | D:5      | Reached skill level 1 in Invocations
  5671 | D:5      | Reached XP level 6. HP: 29/32 MP: 5/16
  5831 | D:5      | Found a hide-covered altar of Uskayaw.
  6085 | D:5      | Identified the +0 cloak "Lemaumoh" {rPois Int+2}
  6106 | D:5      | Noticed a shadow
  6125 | D:5      | Noticed Menkaure
  6191 | D:5      | Killed Menkaure
  6194 | D:5      | Killed a shadow
  6195 | D:5      | Reached skill level 6 in Spellcasting
  6195 | D:5      | Reached XP level 7. HP: 32/36 MP: 1/18
  6465 | D:5      | Reached skill level 5 in Conjurations
  6923 | D:5      | Noticed Ijyb
  6933 | D:5      | Killed Ijyb
  6956 | D:5      | Noticed Pikel
  7143 | D:5      | Reached skill level 1 in Short Blades
  7143 | D:5      | Reached XP level 8. HP: 41/41 MP: 15/20
  7194 | D:5      | Killed Pikel
  7195 | D:5      | Reached skill level 7 in Spellcasting
  7484 | D:5      | Found a glowing golden altar of the Shining One.
  7747 | D:2      | Killed Sigmund
  7987 | D:6      | Reached * piety under Sif Muna
  8015 | D:6      | Found a stormy altar of Qazlal.
  8257 | D:6      | Reached XP level 9. HP: 32/45 MP: 11/22
  8339 | D:6      | Reached skill level 1 in Evocations
  9384 | D:6      | Reached skill level 8 in Spellcasting
  9667 | D:7      | Reached skill level 5 in Fire Magic
  9749 | D:7      | Found a staircase to the Ecumenical Temple.
  9890 | D:7      | Reached skill level 5 in Short Blades
  9958 | Temple   | Entered the Ecumenical Temple
 10299 | D:7      | Found a blossoming altar of Fedhas.
 10379 | D:7      | Noticed a manticore
 10393 | D:7      | Killed a manticore
 10394 | D:7      | Reached skill level 5 in Invocations
 10490 | D:7      | Identified a scroll of acquirement
 10889 | D:8      | Noticed Joseph
 10890 | D:8      | Found a flagged portal.
 10906 | Bailey   | Entered a bailey
 11149 | Bailey   | Reached skill level 5 in Stealth
 11155 | Bailey   | Reached ** piety under Sif Muna
 11156 | Bailey   | Reached XP level 10. HP: 50/50 MP: 11/24
 11260 | Bailey   | Noticed an orc knight
 11261 | Bailey   | Noticed an orc knight
 11292 | Bailey   | Killed an orc knight
 11363 | Bailey   | Killed an orc knight
 11364 | Bailey   | Reached skill level 5 in Dodging
 11530 | Bailey   | Noticed an orc knight
 11547 | Bailey   | Killed an orc knight
 11548 | Bailey   | Reached skill level 9 in Spellcasting
 11656 | Bailey   | Noticed an orc knight
 11772 | Bailey   | Killed an orc knight
 11942 | D:8      | Killed Joseph
 12094 | D:8      | Found a radiant altar of Vehumet.
 12181 | D:8      | Reached skill level 1 in Fighting
 12498 | D:8      | Reached *** piety under Sif Muna
 12896 | D:8      | Found a staircase to the Lair.
 12908 | D:8      | Found a sacrificial altar of Ru.
 13148 | D:8      | Reached XP level 11. HP: 44/56 MP: 17/26
 13240 | D:9      | Noticed Psyche
 13249 | D:9      | Killed Psyche
 13744 | D:9      | Found an iron altar of Okawaru.
 14076 | D:9      | Reached **** piety under Sif Muna
 14158 | D:9      | Found a staircase to the Orcish Mines.
 14278 | D:9      | Noticed Gastronok
 14295 | D:9      | Killed from afar by Gastronok

Illustrated notes

Levels and vault maps discovered:
D:1:      saegor_arrival_simple_b, layout_rooms, serial_shops, shop,
          nicolae_shop_waterfront, shop
D:2:      layout_basic, hellmonk_ecumenical_altar_arch_garden, st_stairs_3,
          uniq_sigmund
D:3:      layout_basic, xom_confusion_cloud, serial_bayou_pond_b
D:4:      layout_basic, lemuel_tele_altar, corexii_corridor_pit
D:5:      layout_gridville, mainiacjoe_overflow_alcove_4, kennysheep_mini,
          uniq_menkaure, uniq_pikel, uniq_ijyb
D:6:      nicolae_cairo_tiling_large_dashed, layout_gridville,
          mainiacjoe_overflow_small_starburst, serial_co_window_serial,
          co_window_paths_a, co_window_of_opportunity_a, co_window_corner_a,
          co_window_paths_a, co_window_paths_a, co_window_2corner,
          co_window_of_opportunity_b, co_window_of_opportunity_b,
          co_window_paths_c, co_window_of_opportunity_b, co_window_paths_c,
          co_window_corner_b, glass_columns_a, st_stairs_7,
          chequers_serial_rivers_marsh
D:7:      layout_basic, mainiacjoe_overflow_surrounded_room, temple_statues,
          hangedman_abyss_or_decor_lesser_grid
D:8:      layout_rooms, fiery_altar_vehumet,
          nicolae_ru_great_annihilating_truth, grunt_lair_entry_orc_guard_hut,
          enter_bailey_3, st_stairs_13, uniq_joseph
D:9:      layout_grid_maze, okawaru_gym_becter, david_orc_2, minmay_orc_keep,
          uniq_psyche, uniq_gastronok
Temple:   cyrus_circular_temple

Skill      XL: |  1  2  3  4  5  6  7  8  9 10 11 |
---------------+----------------------------------+-----
Conjurations   | 2 3 4 5 6 7 8 |  8.3
Stealth        | 3 5 6 |  6.7
Dodging        | 3 4 5 6 |  6.3
Spellcasting   | 5 6 7 8 9 |  9.6
Summonings     | 2 |  2.0
Translocations | 2 |  2.0
Air Magic      | 1 2 3 |  3.0
Fire Magic     | 1 2 3 4 5 |  5.0
Invocations    | 1 2 3 4 5 6 |  6.5
Short Blades   | 1 4 5 7 |  7.8
Evocations     | 2 4 |  4.8
Fighting       | 1 |  1.7
Staves         | |  0.2

Action                   |  1- 3 |  4- 6 |  7- 9 | 10-12 || total
-------------------------+-------+-------+-------+-------++-------
Melee: Dagger            |     6 |    80 |    62 |   228 ||   376
       Punch             |       |     3 |     1 |     5 ||     9
       Staff             |       |    26 |       |       ||    26
       Unarmed           |       |       |     5 |       ||     5
 Cast: Magic Dart        |   135 |   221 |   329 |   213 ||   898
       Mephitic Cloud    |       |     4 |    13 |    36 ||    53
       Conjure Flame     |       |     1 |     7 |    12 ||    20
  Use: Potion            |       |     3 |       |       ||     3
       Scroll            |       |       |     6 |       ||     6
 Stab: Confused          |       |       |    10 |    31 ||    41
Armor: Robe              |     7 |    15 |    53 |    26 ||   101
       Steam dragon scal |       |       |       |    16 ||    16
Dodge: Dodged            |    19 |   100 |   106 |   154 ||   379

Table legend: (Time is in decaauts)
 A = Elapsed time spent in this place.
 B = Non-inter-level travel time spent in this place.
 C = Inter-level travel time spent in this place.
 D = Time resting spent in this place.
 E = Time spent auto-exploring this place.
 F = Levels seen in this place.
 G = Mean time per level.
                   A        B        C        D        E       F      G
               +--------+--------+--------+--------+--------+-----+--------+
         Total |  14247 |  13530 |    717 |   3910 |   6918 |  11 | 1295.2 |
       Dungeon |  13186 |  12477 |    709 |   3330 |   6761 |   9 | 1465.1 |
        Temple |     59 |     51 |      8 |      0 |     35 |   1 |   59.0 |
        Bailey |   1001 |   1001 |      0 |    580 |    122 |   1 | 1001.0 |
               +--------+--------+--------+--------+--------+-----+--------+

Top non-repeatable levels by time:
     D:5: 2081 daAuts
     D:4: 1908 daAuts
     D:6: 1677 daAuts
     D:3: 1376 daAuts
     D:2: 1355 daAuts
     D:8: 1279 daAuts
     D:1: 1252 daAuts
     D:7: 1217 daAuts
     D:9: 1037 daAuts
  Bailey: 1001 daAuts
  Temple: 59 daAuts
